 Dungeon Crawl Stone Soup version 0.22.0-75-g3901e79 (webtiles) character file.

1217 suicidejoker the Covert (level 8, -2/46 HPs)
             Began as an Octopode Enchanter on Sept 11, 2018.
             Was a Follower of Ashenzari.
             Shot with an arrow by a centaur (14 damage)
             ... on level 6 of the Dungeon.
             The game lasted 00:15:09 (6812 turns).

suicidejoker the Covert (Octopode Enchanter)        Turns: 6812, Time: 00:15:10

Health: -2/46      AC:  1    Str: 12    XL:     8   Next: 46%
Magic:  11/11      EV: 13    Int: 17    God:    Ashenzari [*.....]
Gold:   205        SH:  0    Dex: 15    Spells: 10/11 levels left

rFire    . . .     SeeInvis +   l - +0 dagger (curse)
rCold    + . .     Gourm    +   (no shield)
rNeg     . . .     Faith    .   (helmet restricted)
rPois    .         Spirit   .   j - amulet of the gourmand
rElec    .         Reflect  .   e - ring of protection from cold (curse)
rCorr    .         Harm     .   i - ring of see invisible (curse)
MR       .....                  p - ring of attention (curse)
Stlth    +++++.....             h - ring of attention (curse)
HPRegen  0.15/turn              (no ring)
MPRegen  0.12/turn              (no ring)
                                (no ring)
                                (no ring)

@: mighty
A: almost no armour, stealthy swim, amphibious, 8 rings, constrict 8, camouflage
1, gelatinous body 1
a: Curse Item, Scrying, Renounce Religion


You were on level 6 of the Dungeon.
You worshipped Ashenzari.
Ashenzari was aware of your devotion.
You were very hungry.

You visited 1 branch of the dungeon, and saw 6 of its levels.

You collected 205 gold pieces.

Inventory:

Hand Weapons
 a - a +1 dagger
 l - a cursed +0 dagger (weapon)
 q - a +3 hand axe of flaming
Missiles
 f - 49 bolts
Magical Staves
 o - a cursed staff of power
Jewellery
 e - a cursed ring of protection from cold (left tentacle)
 h - a cursed ring of attention (on tentacle)
 i - a cursed ring of see invisible (right tentacle)
 j - an amulet of the gourmand (around mantle)
 p - a cursed ring of attention (on tentacle)
 r - a +1 ring of protection
Wands
 b - a wand of iceblast (7)
Scrolls
 g - 6 scrolls of teleportation
 k - a scroll of amnesia {unknown}
 n - 3 scrolls of identify
 s - a scroll of blinking
 u - a scroll of immolation {unknown}
 v - a scroll of enchant armour
Potions
 m - a potion of haste {unknown}
 t - a potion of might
Comestibles
 c - 10 rations


   Skills:
 - Level 1.0 Short Blades
 - Level 2.0 Dodging
 + Level 13.9 Stealth
 - Level 2.0 Spellcasting
 - Level 3.0 Hexes


You had 10 spell levels left.
You knew the following spells:

 Your Spells              Type           Power        Failure   Level  Hunger
a - Corona                Hex            ##.....      5%          1    #......

Your spell library contained the following spells:

 Spells                   Type           Power        Failure   Level  Hunger
 Ensorcelled Hibernation  Hex/Ice        #.....       16%         2    ###....
 Confuse                  Hex            ##......     17%         3    ###....
 Tukima's Dance           Hex            ##......     17%         3    ###....
 Dazzling Spray           Conj/Hex       #.....       30%         3    ###....


Dungeon Overview and Level Annotations

Branches:
Dungeon (6/15)
 Temple: D:4-7

Altars:
Ashenzari
Dithmenos
Gozag
Okawaru
Qazlal
Vehumet
Xom
Yredelemnul
The Shining One


Innate Abilities, Weirdness & Mutations

You cannot wear most types of armour.
You are very stealthy in the water. (Stealth+)
You are amphibious.
You can wear up to eight rings at the same time.
You can use your tentacles to constrict eight enemies at once.
Your skin changes colour to match your surroundings (Stealth+).
Your rubbery body absorbs attacks. (AC +1, EV +1)


Message History

You constrict the orc warrior.
The centaur wields a shortbow.
The centaur shoots an arrow.
The arrow closely misses you. The orc warrior hits you with a flail!
The orc misses you.
You puncture the orc warrior!
You kill the orc warrior!
The orc hits you with a club. The orc closely misses you.
You puncture the orc!
You kill the orc!
The orc hits you with a club.
* * * LOW HITPOINT WARNING * * *
You puncture the orc!
You kill the orc!
The centaur shoots an arrow.
The arrow hits you!
* * * LOW HITPOINT WARNING * * *
Things that are here:
a +0 short sword; an orc corpse You feel better.
The centaur shoots an arrow.
The arrow hits you!
* * * LOW HITPOINT WARNING * * *
You feel better.
The centaur shoots an arrow.
The arrow hits you!
You die...

..# ##..## #.....
#################...##
.....................#
#####..######@##.c..#
#..######.##)...#
#..#......c(c...#
#######..#.####.###...#
......................#
######..#†####.......#
#..#.# ######.## ##
#####..#.# .#
.###..##.>#.# ?#


You could see a centaur.

Vanquished Creatures
  Sigmund (D:2)
  An orc warrior (D:6)
  An ice beast (D:5)
  An ogre (D:5)
  Blork the orc (D:4)
  2 bullfrogs (D:6)
  2 howler monkeys
  An orc priest (D:6)
  2 hounds
  An iguana (D:4)
  Terence (D:2)
  5 worker ants
  An orc wizard (D:6)
  A hound zombie (D:5)
  11 adders
  An ooze (D:1)
  4 worms
  A dart slug (D:1)
  2 leopard geckos
  20 orcs
  6 bats
  4 giant cockroaches
  6 hobgoblins
  7 jackals
  2 quokkas
  4 frilled lizards
  6 goblins
  10 kobolds
  A quokka skeleton (D:4)
  7 rats
113 creatures vanquished.

Notes
Turn   | Place    | Note
-------+----------+-------------------------------------------
     0 | D:1      | suicidejoker the Octopode Enchanter began the quest for the
                  | Orb.
     0 | D:1      | Reached XP level 1. HP: 11/11 MP: 3/3
   236 | D:1      | Reached skill level 5 in Stealth
   236 | D:1      | Reached XP level 2. HP: 12/17 MP: 5/5
   905 | D:1      | Found a glowing golden altar of the Shining One.
   925 | D:1      | Reached XP level 3. HP: 21/21 MP: 6/6
  1066 | D:1      | You fall through a shaft!
  1109 | D:2      | Reached skill level 6 in Stealth
  1126 | D:2      | Noticed Sigmund
  1140 | D:2      | Killed Sigmund
  1140 | D:2      | Reached skill level 8 in Stealth
  1140 | D:2      | Reached XP level 4. HP: 15/27 MP: 7/7
  1140 | D:2      | Reached XP level 5. HP: 17/31 MP: 8/8
  1516 | D:2      | Reached skill level 9 in Stealth
  1758 | D:2      | Noticed Terence
  1763 | D:2      | Killed Terence
  1763 | D:2      | Reached XP level 6. HP: 36/36 MP: 9/9
  2595 | D:3      | Found a radiant altar of Vehumet.
  2813 | D:3      | Found a shattered altar of Ashenzari.
  2821 | D:3      | Became a worshipper of Ashenzari the Shackled
  2830 | D:3      | Reached skill level 10 in Stealth
  3096 | D:3      | Found a basalt altar of Yredelemnul.
  3202 | D:3      | Found a shimmering altar of Xom.
  3205 | D:3      | Found an iron altar of Okawaru.
  3208 | D:3      | Found a stormy altar of Qazlal.
  4315 | D:4      | Reached XP level 7. HP: 33/41 MP: 10/10
  4564 | D:4      | Noticed Blork the orc
  4579 | D:4      | Killed Blork the orc
  4579 | D:4      | Reached skill level 11 in Stealth
  4736 | D:4      | Reached * piety under Ashenzari
  5177 | D:5      | Entered Level 5 of the Dungeon
  5202 | D:5      | Reached skill level 12 in Stealth
  5217 | D:5      | Found a shadowy altar of Dithmenos.
  6145 | D:5      | Reached XP level 8. HP: 46/46 MP: 11/11
  6480 | D:6      | Reached skill level 13 in Stealth
  6747 | D:6      | Found an opulent altar of Gozag.
  6812 | D:6      | Shot with an arrow by a centaur

Skill      XL: |  1  2  3  4  5  6  7  8 |
---------------+-------------------------+-----
Stealth        | 5 8 9 10 12 13 | 13.9
Short Blades   | |  1.0
Dodging        | |  2.0
Spellcasting   | |  2.0
Hexes          | |  3.0

Action                   |  1- 3 |  4- 6 |  7- 9 || total
-------------------------+-------+-------+-------++-------
Melee: Dagger            |    56 |   143 |   135 ||   334
       Tentacles         |     8 |    22 |    26 ||    56
       Constrict         |    13 |    31 |    16 ||    60
Invok: Curse Item        |       |     2 |       ||     2
  Use: Scroll            |       |     6 |       ||     6
       Potion            |       |     1 |    10 ||    11
 Stab: Sleeping          |     7 |    24 |    13 ||    44
  Eat: Chunk             |       |     7 |     7 ||    14
       Ration            |       |     1 |       ||     1
Armor: Skin              |     4 |     4 |     6 ||    14
Dodge: Dodged            |    25 |    94 |    79 ||   198
